 Dungeon Crawl Stone Soup version 0.28.0-43-g3370ac3207 (webtiles) character file.

Game seed: 7966737966313928434

611 nickcage the Basher (level 7, -4/41 HPs)
             Began as a Gargoyle Fighter on Mar 7, 2022.
             Was a Believer of Okawaru.
             Slain by a hornet zombie (8 damage)
             ... on level 5 of the Dungeon.
             The game lasted 00:11:35 (5118 turns).

nickcage the Basher (Gargoyle Fighter)              Turns: 5118, Time: 00:11:36

Health: -4/41      AC: 15    Str: 21    XL:     7   Next: 44%
Magic:  7/7        EV: 10    Int:  9    God:    Okawaru [**....]
Gold:   188        SH:  5    Dex:  9    Spells: 6/6 levels left

rFire   . . .      SeeInvis .   a - +0 flail
rCold   + . .      Faith    .   c - +1 buckler
rNeg    + . .      Spirit   .   d - +4 ring mail {rC+}
rPois   ∞          Reflect  .   s - +0 helmet
rElec   +          Harm     .   (no cloak)
rCorr   .          Rampage  .   (no gloves)
Will    .....                   (no boots)
Stlth   ..........              (no amulet)
HPRegen 0.13/turn               (no ring)
MPRegen 0.10/turn               (no ring)

@: no status effects
A: sickness immunity, AC +4, negative energy resistance 1, electricity
resistance, torment resistance 1, petrification resistance
a: Renounce Religion, Heroism


You were on level 5 of the Dungeon.
You worshipped Okawaru.
Okawaru was pleased with you.
You visited 1 branch of the dungeon, and saw 5 of its levels.

You collected 188 gold pieces.

Inventory:

Hand Weapons
 a - a +0 flail (weapon)
Missiles
 h - 5 poisoned darts (quivered)
 p - a throwing net
Armour
 b - a +0 scale mail
 c - a +1 buckler (worn)
 d - a +4 ring mail of cold resistance (worn)
 s - a +0 helmet (worn)
Jewellery
 i - a ring of flight
Scrolls
 e - 2 scrolls of immolation
 f - a scroll of fog {unknown}
 j - 2 scrolls of enchant armour
 l - 3 scrolls of identify {unknown}
 n - a scroll of holy word {unknown}
 o - a scroll of blinking {unknown}
 q - a scroll of fear {unknown}
Potions
 g - a potion of cancellation {unknown}
 k - 2 potions of heal wounds {unknown}
 m - 2 potions of brilliance {unknown}
 r - 2 potions of attraction {unknown}
 t - 2 potions of flight {unknown}


   Skills:
 - Level 3.2 Fighting
 + Level 8.0 Maces & Flails
 + Level 0.3 Throwing
 - Level 3.2 Armour
 - Level 3.2 Shields


You had 6 spell levels left.
You didn't know any spells.
Your spell library contained the following spells:

 Spells                   Type           Power      Damage    Failure   Level
 Apportation              Tloc           0%         N/A       65%         1
 Beastly Appendage        Tmut           0%         N/A       65%         1
 Pain                     Necr           0%         1d4       65%         1
 Corpse Rot               Necr/Air       0%         N/A       78%         2
 Wereblood                Tmut           0%         N/A       78%         2
 Spider Form              Tmut/Pois      0%         N/A       95%         3
 Anguish                  Hex/Necr       0%         N/A       100%        4
 Dispel Undead            Necr           0%         3d6       100%        4
 Agony                    Necr           0%         N/A       100%        5
 Alistair's Intoxication  Tmut/Pois      0%         N/A       100%        5
 Excruciating Wounds      Necr           0%         N/A       100%        5
 Enfeeble                 Hex            0%         N/A       100%        7
 Tukima's Dance           Hex            Unusable   N/A       N/A         3
 Death Channel            Necr           Unusable   N/A       N/A         6

Dungeon Overview and Level Annotations

Branches:
Dungeon (5/15)
 Temple: D:4-7

Altars:
Ashenzari
Makhleb
Okawaru

Annotations:
D:4 3 runed translucent doors, cbfl8's ghost, weakling MiDe


Innate Abilities, Weirdness & Mutations

You are immune to sickness and miasma.
Your stone body is resilient. (AC +4)
You are immune to poison.
You resist negative energy. (rN+)
You are resistant to electric shocks. (rElec)
You are resistant to unholy torment.
You are immune to petrification.


Message History

The hornet zombie is lightly damaged.
The hornet zombie barely misses you. x2
You hit the hornet zombie.
The hornet zombie is moderately damaged.
The hornet zombie hits you but does no damage.
You hit the hornet zombie.
The hornet zombie is moderately damaged.
The hornet zombie hits you.
You hit the hornet zombie but do no damage.
The hornet zombie is moderately damaged.
The hornet zombie barely misses you. The hornet zombie hits you.
You hit the hornet zombie.
The hornet zombie is heavily damaged.
The hornet zombie hits you but does no damage.
You barely miss the hornet zombie.
The hornet zombie is heavily damaged.
You block the hornet zombie's attack.
You hit the hornet zombie but do no damage.
The hornet zombie is heavily damaged.
The hornet zombie hits you!
* * * LOW HITPOINT WARNING * * *
The hornet zombie barely misses you.
You hit the hornet zombie but do no damage.
The hornet zombie is heavily damaged.
The hornet zombie barely misses you.
You hit the hornet zombie.
The hornet zombie is heavily damaged.
The hornet zombie hits you but does no damage.
You hit the hornet zombie but do no damage.
The hornet zombie is heavily damaged.
The hornet zombie hits you but does no damage.
The hornet zombie closely misses you.
You completely miss the hornet zombie.
The hornet zombie is heavily damaged.
The hornet zombie hits you!
* * * LOW HITPOINT WARNING * * *
You hit the hornet zombie.
The hornet zombie is heavily damaged.
The hornet zombie hits you!
You die...

#.####.# #......#
#<.# #..# ###..#
#....# #.#..#
#.##Z# ##.##@# #
#..##.#
#...##.###.#######
#.................
#####..####..#####
#$## #.# #. .# ..
.# ... .


You could see a hornet zombie.

Vanquished Creatures
  Duvessa (D:4)
  A sky beast (D:5)
  A water moccasin skeleton (D:4)
  Dowan (D:4)
  A jelly (D:4)
  A hound (D:4)
  An orc priest (D:4)
  A gnoll shaman (D:2)
  5 gnolls
  6 adders
  An adder skeleton (D:4)
  4 dart slugs
  6 orcs
  10 ball pythons
  3 bats
  5 endoplasms
  2 giant cockroaches (D:1)
  7 goblins
  8 hobgoblins
  4 jackals
  3 quokkas
  3 frilled lizards
  12 kobolds
  A quokka skeleton (D:4)
  9 rats
97 creatures vanquished.

Vanquished Creatures (others)
  16 plants (D:3)
16 creatures vanquished.

Grand Total: 113 creatures vanquished

Notes
Turn   | Place    | Note
-------+----------+-------------------------------------------
     0 | D:1      | nickcage the Gargoyle Fighter began the quest for the Orb.
     0 | D:1      | Reached XP level 1. HP: 14/14 MP: 1/1
   117 | D:1      | Reached XP level 2. HP: 19/19 MP: 2/2
   171 | D:1      | Reached skill level 3 in Maces & Flails
   331 | D:1      | Found a faded altar of an unknown god.
   345 | D:1      | Prayed at the altar of an unknown god.
   345 | D:1      | Became a worshipper of Warmaster Okawaru
   345 | D:1      | Reached * piety under Okawaru
   452 | D:1      | Reached XP level 3. HP: 23/23 MP: 3/3
  1030 | D:2      | Reached skill level 4 in Maces & Flails
  1048 | D:2      | Reached XP level 4. HP: 26/28 MP: 4/4
  2140 | D:3      | Reached skill level 5 in Maces & Flails
  2140 | D:3      | Reached XP level 5. HP: 13/32 MP: 5/5
  2197 | D:2      | HP: 1/32 [gnoll shaman/+0 whip (4)]
  3263 | D:3      | Found a burning altar of Makhleb.
  3263 | D:3      | Found a broken altar of Ashenzari.
  3792 | D:4      | Reached skill level 6 in Maces & Flails
  3795 | D:4      | Reached ** piety under Okawaru
  3796 | D:4      | Reached XP level 6. HP: 37/37 MP: 6/6
  4183 | D:4      | Noticed Duvessa
  4183 | D:4      | Noticed Dowan
  4212 | D:4      | Killed Duvessa
  4213 | D:4      | Reached skill level 7 in Maces & Flails
  4224 | D:4      | Killed Dowan
  4225 | D:4      | Reached XP level 7. HP: 14/41 MP: 7/7
  4955 | D:4      | Found a runed translucent gate.
  4955 | D:4      | Found a runed translucent gate.
  4956 | D:4      | Found a runed translucent gate.
  4958 | D:4      | Noticed cbfl8's ghost (weakling MiDe)
  5069 | D:5      | Entered Level 5 of the Dungeon
  5097 | D:5      | Reached skill level 8 in Maces & Flails
  5118 | D:5      | Slain by a hornet zombie

Illustrated notes

Levels and vault maps discovered:
D:1:      roderic_octagonal_star, layout_loops_ring,
          nicolae_ecumenical_snake_handling
D:2:      layout_basic, minmay_domino_4
D:3:      layout_loops_ring, gammafunk_temple_overflow_elements, st_stairs_10,
          roderic_roman_lattice, minmay_stone_trees_small, serial_bayou_ford_a,
          nicolae_grassy_gnolls
D:4:      layout_loops_ring, gammafunk_ghost_necromancy, uniq_duvessa
D:5:      layout_rooms, mainiacjoe_overflow_alcove_4,
          mainiacjoe_overflow_big_doors, corexii_checkpoint_b,
          amcnicky_mini_corridor_feature

Skill      XL: |  1  2  3  4  5  6  7 |
---------------+----------------------+-----
Maces & Flails | 3 4 5 6 7 8 |  8.0
Fighting       | |  3.2
Throwing       | |  0.3
Armour         | |  3.2
Shields        | |  3.2

Action                   |  1- 3 |  4- 6 |  7- 9 || total
-------------------------+-------+-------+-------++-------
Melee: Flail             |   108 |   248 |    62 ||   418
Throw: Dart              |       |     3 |       ||     3
  Use: Scroll            |     4 |       |       ||     4
       Potion            |       |     1 |       ||     1
Armor: Scale mail        |    72 |   120 |       ||   192
       Ring mail         |       |       |    26 ||    26
Dodge: Dodged            |    63 |   148 |    27 ||   238
Block: Buckler           |    25 |    78 |     8 ||   111
